 Dungeon Crawl Stone Soup version 0.23.1 (webtiles) character file.

Game seed: 4471840069090050736

140 Fang the Skirmisher (level 5, -3/49 HPs)
             Began as a Gargoyle Berserker on Mar 15, 2019.
             Was a Believer of Trog.
             Slain by Grinder (7 damage)
             ... on level 2 of the Dungeon.
             The game lasted 00:02:30 (2078 turns).

Fang the Skirmisher (Gargoyle Berserker)            Turns: 2078, Time: 00:02:31

Health: -3/49      AC:  6    Str: 23    XL:     5   Next: 22%
Magic:  5/5        EV: 12    Int:  8    God:    Trog [**....]
Gold:   50         SH:  0    Dex:  9    Spells: 4/4 levels left

rFire    . . .     SeeInvis .   a - +0 hand axe
rCold    . . .     Gourm    .   (no shield)
rNeg     + . .     Faith    .   b - +0 animal skin
rPois    ∞         Spirit   .   (no helmet)
rElec    +         Reflect  .   (no cloak)
rCorr    .         Harm     .   (no gloves)
MR       .....                  (no boots)
Stlth    ..........             (no amulet)
HPRegen  0.16/turn              k - -3 ring of strength (curse)
MPRegen  0.09/turn              (no ring)

@: berserking, very quick
A: negative energy resistance 1, electricity resistance, unbreathing,
petrification resistance, rot immunity, AC +4
a: Berserk, Trog's Hand, Renounce Religion


You were on level 2 of the Dungeon.
You worshipped Trog.
Trog was pleased with you.
You were hungry.

You visited 1 branch of the dungeon, and saw 3 of its levels.

You collected 50 gold pieces.

Inventory:

Hand Weapons
 a - a +0 hand axe (weapon)
Armour
 b - a +0 animal skin (worn)
Jewellery
 k - a cursed -3 ring of strength (left hand)
 m - an uncursed ring of magical power {unknown}
Scrolls
 d - a scroll of enchant weapon {unknown}
 e - 3 scrolls of identify {unknown}
 f - a scroll of remove curse {unknown}
 l - 2 scrolls of magic mapping {unknown}
Potions
 g - 2 potions of ambrosia {unknown}
 h - a potion of might {unknown}
 i - a potion of heal wounds
 j - 2 potions of mutation {unknown}
Comestibles
 c - 7 rations
 n - 6 chunks of flesh


   Skills:
 + Level 4.2 Fighting
 + Level 3.4 Axes
 + Level 3.5 Armour
 + Level 2.4 Dodging


You had 4 spell levels left.
You didn't know any spells.
Your spell library was empty.

Dungeon Overview and Level Annotations

Branches:
Dungeon (3/15)

Altars:

Annotations:
D:2 Grinder


Innate Abilities, Weirdness & Mutations

You are resistant to torment.
Your stone body is resilient. (AC +4)
You are immune to poison.
You resist negative energy. (rN+)
You are resistant to electric shocks. (rElec)
You can survive without breathing.
You are immune to petrification.
You are immune to rotting.


Message History

Grinder hits you.
You writhe in agony.
* * * LOW HITPOINT WARNING * * *
You barely miss Grinder.
Grinder is moderately wounded.
Grinder says, "At least Makhleb appreciates what I'm doing."
Grinder blinks!
Grinder hits you but does no damage. Grinder gestures at you.
You resist with significant effort. Grinder hits you!
* * * LOW HITPOINT WARNING * * *
There is a stone staircase leading up here.
Grinder completely misses you.
You climb upwards.
There is a stone staircase leading down here.
Grinder is nearby!
A red film seems to cover your vision as you go berserk!
You feel yourself moving faster!
You feel mighty!
You are feeling hungry.
Grinder hits you!
You die...

..########.# #.<.# #. #.# #.#
#..## #. ..# #.# #.## #. ..#
##.# #.# #. ..# #..# #.# #.
..# #.## #####.#####. ..#
####.# #........... .##
##.##.############.###.######
.# ##...#.......@5.....(...#
.###.......####.#####..#####
.##.....<..# #.# #..# ##
.###......## #.# #..# ##.
.####...#.# #.#####..## #..
..# ##.##.#####.........# #..
.)###........########...# #..
....(........# #......# ##.
.)........##.# #.###..# ##


You could see Grinder.

Vanquished Creatures
  Robin (D:3)
  4 gnolls (D:3)
  3 adders
  A dart slug (D:1)
  2 worms (D:2)
  A leopard gecko (D:1)
  2 ball pythons (D:1)
  4 bats
  2 giant cockroaches
  11 goblins
  5 hobgoblins
  6 jackals
  4 kobolds
  2 frilled lizards (D:2)
  4 rats
52 creatures vanquished.

Notes
Turn   | Place    | Note
-------+----------+-------------------------------------------
     0 | D:1      | Fang the Gargoyle Berserker began the quest for the Orb.
     0 | D:1      | Reached XP level 1. HP: 14/14 MP: 1/1
    62 | D:1      | Reached XP level 2. HP: 12/19 MP: 2/2
   685 | D:2      | Reached XP level 3. HP: 12/23 MP: 3/3
   809 | D:2      | Reached ** piety under Trog
  1110 | D:2      | Reached XP level 4. HP: 27/29 MP: 4/4
  1494 | D:3      | Noticed Robin
  1505 | D:3      | Reached skill level 4 in Fighting
  1520 | D:3      | Killed Robin
  1945 | D:3      | Reached XP level 5. HP: 19/33 MP: 5/5
  2004 | D:3      | Noticed Grinder
  2004 | D:3      | Paralysed by Grinder for 4 turns
  2046 | D:3      | Paralysed by Grinder for 4 turns
  2058 | D:3      | Paralysed by Grinder for 3 turns
  2078 | D:2      | Slain by Grinder

Skill      XL: |  1  2  3  4 |
---------------+-------------+-----
Axes           | 3 |  3.4
Dodging        | 2 |  2.4
Armour         | 3 |  3.5
Fighting       | 4 |  4.2

Action                   |  1- 3 |  4- 6 || total
-------------------------+-------+-------++-------
Melee: Hand axe          |   111 |    72 ||   183
Invok: Berserk           |     1 |     3 ||     4
  Eat: Chunk             |     2 |     5 ||     7
Armor: Animal skin       |    42 |    19 ||    61
Dodge: Dodged            |    90 |    49 ||   139
